 Dungeon Crawl Stone Soup version 0.23.2-40-g277498a001 (webtiles) character file.

Game seed: 6407933271323301997

74 Martska the Ducker (level 4, 0/33 HPs)
             Began as a Merfolk Ice Elementalist on Oct 5, 2019.
             Succumbed to a water moccasin's poison
             ... on level 2 of the Dungeon.
             The game lasted 00:08:25 (3155 turns).

Martska the Ducker (Merfolk Ice Elementalist)       Turns: 3155, Time: 00:08:25

Health: 0/33       AC:  2    Str:  8    XL:     4   Next: 28%
Magic:  0/7        EV: 14    Int: 14    God:
Gold:   26         SH:  0    Dex: 15    Spells: 1/7 levels left

rFire    . . .     SeeInvis .   e - +0 club
rCold    . . .     Gourm    .   (no shield)
rNeg     . . .     Faith    .   a - +0 robe
rPois    .         Spirit   .   (no helmet)
rElec    .         Reflect  .   (no cloak)
rCorr    .         Harm     .   (no gloves)
MR       .....                  (no boots)
Stlth    ++........             (no amulet)
HPRegen  0.11/turn              (no ring)
MPRegen  0.10/turn              (no ring)

@: lethally poisoned (0 -> -13)
A: change form in water, swift swim, stealthy swim
a: no special abilities


You were on level 2 of the Dungeon.
You were near starving.

You visited 1 branch of the dungeon, and saw 2 of its levels.

You collected 26 gold pieces.

Inventory:

Hand Weapons
 e - a +0 club (weapon)
Armour
 a - a +0 robe (worn)
Wands
 n - a wand of enslavement (7)
Scrolls
 d - a scroll of amnesia {unknown}
 f - a scroll of immolation {unknown}
 h - a scroll of remove curse {unknown}
 i - a scroll of fog {unknown}
 j - a scroll of identify {unknown}
Potions
 b - 2 potions of heal wounds {unknown}
 c - a potion of cancellation {unknown}
 g - 2 potions of lignification {unknown}
 k - a potion of flight {unknown}
 l - a potion of degeneration {unknown}
 m - a potion of agility {unknown}
 o - a potion of curing {unknown}


   Skills:
 * Level 2.1 Fighting
 * Level 3.9 Dodging
 + Level 2.7 Stealth
 + Level 2.3 Spellcasting
 - Level 0.7 Conjurations
 + Level 3.6 Ice Magic


You had one spell level left.
You knew the following spells:

 Your Spells              Type           Power        Failure   Level  Hunger
a - Freeze                Ice            ##..         5%          1    #......
b - Throw Frost           Conj/Ice       #.....       14%         2    ###....
c - Ozocubu's Armour      Chrm/Ice       #.......     32%         3    ###....

Your spell library contained the following spells:

 Spells                   Type           Power        Failure   Level  Hunger
 Throw Icicle             Conj/Ice       #.......     67%         4    #####..
 Summon Ice Beast         Ice/Summ       #.......     73%         4    #####..


Dungeon Overview and Level Annotations

Branches:
Dungeon (2/15)

Altars:


Message History

The water moccasin closely misses you.
You barely miss the water moccasin.
The water moccasin is heavily wounded.
You feel sick. The water moccasin barely misses you.
The water moccasin bites you.
* * * LOW HITPOINT WARNING * * *
You are lethally poisoned!
The water moccasin poisons you!
You hit the water moccasin.
The water moccasin is heavily wounded.
* * * LOW HITPOINT WARNING * * *
You feel sick. The water moccasin bites you.
* * * LOW HITPOINT WARNING * * *
You closely miss the water moccasin.
The water moccasin is heavily wounded.
* * * LOW HITPOINT WARNING * * *
You feel sick. The water moccasin closely misses you.
You hit the water moccasin.
The water moccasin is severely wounded.
You die...

#.# #.# #.# #.#
### #.# ..# #.#
#.# #.# #.# #.#
#S# #.# #@# ###.#
#.# #...# #.#
#.### #.#
####.##.########.#
.....##..........#
##################


You could see a water moccasin.

Vanquished Creatures
  2 adders (D:2)
  An ooze (D:1)
  A worm (D:2)
  2 dart slugs (D:1)
  3 leopard geckos
  5 bats
  7 hobgoblins
  6 jackals (D:1)
  4 kobolds
  4 frilled lizards
  2 goblins (D:2)
  5 rats
42 creatures vanquished.

Notes
Turn   | Place    | Note
-------+----------+-------------------------------------------
     0 | D:1      | Martska the Merfolk Ice Elementalist began the quest for
                  | the Orb.
     0 | D:1      | Reached XP level 1. HP: 13/13 MP: 3/3
   728 | D:1      | Reached XP level 2. HP: 20/20 MP: 5/5
   761 | D:1      | Reached skill level 1 in Fighting
  1008 | D:1      | You fall through a shaft!
  1405 | D:1      | Reached XP level 3. HP: 22/26 MP: 3/6
  1413 | D:1      | Learned a level 2 spell: Throw Frost
  1417 | D:1      | Learned a level 3 spell: Ozocubu's Armour
  2762 | D:2      | Reached XP level 4. HP: 29/33 MP: 3/7
  3141 | D:2      | Noticed a water moccasin
  3154 | D:2      | HP: 1/33 [poisoned by a water moccasin]
  3155 | D:2      | Succumbed to a water moccasin's poison

Skill      XL: |  1  2  3 |
---------------+----------+-----
Dodging        | 3 |  3.9
Fighting       | 1 2 |  2.1
Stealth        | |  2.7
Spellcasting   | |  2.3
Conjurations   | |  0.7
Ice Magic      | |  3.6

Action                   |  1- 3 |  4- 6 || total
-------------------------+-------+-------++-------
Melee: Unarmed           |     9 |       ||     9
       Club              |    62 |    10 ||    72
 Cast: Freeze            |    51 |    17 ||    68
 Stab: Sleeping          |     2 |     1 ||     3
  Eat: Ration            |     1 |       ||     1
       Chunk             |     3 |       ||     3
Armor: Robe              |    24 |       ||    24
Dodge: Dodged            |   102 |    22 ||   124
